 Dungeon Crawl Stone Soup version 0.18-a0-1293-g5a2c81a (webtiles) character file.

105 FrancescoMac the Sneak (level 4, -3/40 HPs)
             Began as a Naga Assassin on Feb 10, 2016.
             Slain by Purgy (4 damage)
             ... on level 3 of the Dungeon.
             The game lasted 00:11:08 (2381 turns).

FrancescoMac the Sneak (Naga Assassin)              Turns: 2381, Time: 00:11:10

Health: -3/40      AC:  4    Str: 14    XL:     4   Next: 83%
Magic:  4/4        EV: 10    Int: 11    God:
Gold:   170        SH:  0    Dex: 13    Spells: 0 memorised, 3 levels left

rFire  x . .     SeeInvis +     a - +2 dagger
rCold  + . .     Gourm    .     c - +0 robe
rNeg   + . .     Faith    .     (no shield)
rPois  +         Spirit   .     (no helmet)
rElec  .         Dismiss  +     d - +0 cloak
rCorr  .         Reflect  .     n - +0 pair of gloves
SustAt .         Harm     .     (no barding)
MR     .....                    p - amulet of dismissal
Stlth  ++++......               q - ring of positive energy
                                r - ring of ice

@: very slow, not resistant to hostile enchantments, stealthy
A: see invisible, deformed body, poison resistance, slowness 2, slow metabolism
1, spit poison 2, AC +1
a: Spit Poison


You were on level 3 of the Dungeon.
You were not hungry.

You visited 1 branch of the dungeon, and saw 3 of its levels.

You collected 170 gold pieces.

Inventory:

Hand Weapons
 a - a +2 dagger (weapon)
 b - a +0 blowgun
Missiles
 e - 31 poisoned needles
 f - 2 curare-tipped needles
 i - 98 stones (quivered)
 l - 18 poisoned arrows
 v - 3 tomahawks of returning
Armour
 c - a +0 robe (worn)
 d - a +0 cloak (worn)
 n - a +0 pair of gloves (worn)
Magical Staves
 y - an uncursed staff of death {unknown}
Jewellery
 p - an amulet of dismissal (around neck)
 q - a ring of positive energy (right hand)
 r - a ring of ice (left hand)
 s - an uncursed ring of teleportation
Scrolls
 h - a scroll of fog
 j - a scroll of enchant weapon {unknown}
 m - 3 scrolls of remove curse
 o - a scroll of enchant armour {unknown}
 x - a scroll of magic mapping {unknown}
 z - a scroll of blinking {unknown}
Potions
 k - a potion of berserk rage {unknown}
 w - 2 potions of brilliance
Books
 u - a book of Clouds

   Spells                             Type                      Level
   a - Mephitic Cloud                 Conjuration/Poison/Air       3
   b - Conjure Flame                  Conjuration/Fire             3
   c - Poisonous Cloud                Conjuration/Poison/Air       6
   d - Freezing Cloud                 Conjuration/Ice/Air          6
   e - Ring of Flames                 Charms/Fire                  7
Comestibles
 g - a bread ration


   Skills:
 + Level 2.7 Fighting
 + Level 2.8 Short Blades
 + Level 2.0 Throwing
 + Level 1.9 Dodging
 + Level 6.7 Stealth


You had 3 spell levels left.
You didn't know any spells.

Dungeon Overview and Level Annotations

Branches:
Dungeon (3/15)

Altars:

Annotations:
D:3 Purgy


Innate Abilities, Weirdness & Mutations

You cannot wear boots.
Your serpentine skin is tough (AC +1).
You have supernaturally acute eyesight.
Armour fits poorly on your strangely shaped body.
Your system is resistant to poisons.
You cover ground very slowly.
You have a slow metabolism.
You can spit poison.


Message History

You barely miss Purgy.
Purgy is lightly wounded.
Purgy bites you.
* * * LOW HITPOINT WARNING * * *
Purgy claws you.
* * * LOW HITPOINT WARNING * * *
Purgy claws you.
* * * LOW HITPOINT WARNING * * *
You hit Purgy.
Purgy is lightly wounded.
You hit Purgy.
Purgy is moderately wounded.
Purgy closely misses you. Purgy claws you but does no damage. x2
You barely miss Purgy.
Purgy is moderately wounded.
Purgy hisses, "I bite!"
Purgy closely misses you. Purgy claws you.
* * * LOW HITPOINT WARNING * * *
Purgy claws you.
You die...

..........#
#........# #........#
########w# #.# #T#
#.# ######.# #..@Tw.#
#.###### #.#######
#.......# ########
#######.##.# #......#
#..........# #......#
##.8.....8..#
#......#
#..........##
#......###..........#


You could see Purgy and a worm.

Vanquished Creatures
  5 adders
  A giant gecko (D:2)
  2 ball pythons
  9 bats
  5 giant cockroaches
  5 goblins
  8 hobgoblins
  3 jackals (D:3)
  7 giant newts
  7 kobolds
  7 rats
59 creatures vanquished.

Notes
Turn   | Place    | Note
--------------------------------------------------------------
     0 | D:1      | FrancescoMac the Naga Assassin began the quest for the Orb.
     0 | D:1      | Reached XP level 1. HP: 19/19 MP: 1/1
   127 | D:1      | Reached skill level 6 in Stealth
   147 | D:1      | Reached skill level 1 in Dodging
   147 | D:1      | Reached XP level 2. HP: 22/27 MP: 2/2
   484 | D:1      | Reached XP level 3. HP: 33/33 MP: 3/3
  1139 | D:2      | Reached XP level 4. HP: 20/40 MP: 4/4
  2316 | D:3      | Noticed Purgy
  2350 | D:3      | HP: 2/40 [Purgy (4)]
  2357 | D:3      | HP: 1/40 [orc/flail (5)]
  2381 | D:3      | HP: 1/40 [Purgy (3)]
  2381 | D:3      | Slain by Purgy

Vault maps used:
D:1:      shiori_arrival_oz
D:2:      grunt_decor_arrowhead
D:3:      st_stairs_1, uniq_purgy

Action                   |  1- 3 |  4- 6 || total
-------------------------+-------+-------++-------
Melee: Dagger            |    94 |   113 ||   207
  Use: Scroll            |     4 |     1 ||     5
       Potion            |       |     2 ||     2
 Stab: Sleeping          |    16 |    12 ||    28
       Distracted        |     1 |     1 ||     2
  Eat: Meat ration       |       |     1 ||     1
